 Dungeon Crawl Stone Soup version 0.30.1 (webtiles) character file.

Game seed: 3725845759548867682

28 Gorgoleon the Firebug (level 3, 24/24 HPs)
             Began as a Human Wanderer on July 14, 2023.
             Quit the game on level 2 of the Dungeon.
             The game lasted 00:06:45 (1034 turns).

Gorgoleon the Firebug (Human Wanderer)              Turns: 1034, Time: 00:06:46

Health: 24/24      AC:  2    Str:  9    XL:     3   Next: 27%
Magic:  6/6        EV: 11    Int: 20    God:
Gold:   37         SH:  0    Dex:  9    Spells: 1/6 levels left

rFire   . . .        g - +0 whip
rCold   . . .        (no shield)
rNeg    . . .        d - +0 robe
rPois   .            (no helmet)
rElec   .            (no cloak)
rCorr   .            (no gloves)
SInv    .            (no boots)
Will    .....        (no amulet)
Stlth   +            (no ring)
HPRegen 0.24/turn    (no ring)
MPRegen 0.10/turn

%: no passive effects
@: no status effects
A: no striking features
a: no special abilities


You were on level 2 of the Dungeon.
You visited 1 branch of the dungeon, and saw 2 of its levels.

You collected 37 gold pieces.

Inventory:

Hand Weapons
 g - a +0 whip (weapon)
Missiles
 b - 7 boomerangs
 e - 4 stones
Armour
 a - a +0 leather armour
 d - a +0 robe (worn)
 i - a +0 pair of gloves
 l - a +2 leather armour of cold resistance
Scrolls
 c - a scroll of butterflies
 f - a scroll of teleportation {unknown}
 k - a scroll of brand weapon {unknown}
Potions
 h - a potion of curing {unknown}
 j - a potion of brilliance {unknown}


   Skills:
 + Level 0.2 Fighting
 - Level 3.2 Throwing
 + Level 2.2 Spellcasting
 + Level 3.3 Fire Magic
 + Level 2.5 Earth Magic


You had one spell level left.
You knew the following spells:

 Your Spells              Type           Power      Damage    Failure   Level
a - Sandblast             Erth           24%        2d8       5%          1
b - Foxfire               Conj/Fire      32%        2x1d5     8%          1
c - Stone Arrow           Conj/Erth      14%        3d7       28%         3

Your spell library contained the following spells:

 Spells                   Type           Power      Damage    Failure   Level
 Volatile Blastmotes      Fire/Tloc      16%        2d11      24%         3
 Flame Wave               Conj/Fire      8%         2d5       61%         4
 Petrify                  Tmut/Erth      7%         N/A       67%         4
 Metabolic Englaciation   Hex/Ice        1%         N/A       99%         5
 Statue Form              Tmut/Erth      4%         N/A       100%        6


Dungeon Overview and Level Annotations

Branches:
Dungeon (2/15)

Altars:


Message History

There is a stone staircase leading up here.
Casting: Sandblast (safe; 5% risk of failure)
Confirm with . or Enter, or press ? or * to list all spells.
Aiming: Sandblast (safe; 5% risk of failure)
Press: ? - help, Shift-Dir - straight line, f - endoplasm
Aim: an endoplasm (wandering, hasn't noticed you, 98% to hit)
The blast of sand hits the endoplasm.
The endoplasm is heavily wounded.
The endoplasm quivers.
Casting: Sandblast (safe; 5% risk of failure)
Confirm with . or Enter, or press ? or * to list all spells.
Aiming: Sandblast (safe; 5% risk of failure)
Press: ? - help, Shift-Dir - straight line, f/p - endoplasm
Aim: an endoplasm (heavily wounded, 98% to hit)
The blast of sand hits the endoplasm!
You kill the endoplasm!
Casting: Sandblast (safe; 5% risk of failure)
Confirm with . or Enter, or press ? or * to list all spells.
Aiming: Sandblast (safe; 5% risk of failure)
Press: ? - help, Shift-Dir - straight line, f - frilled lizard
Aim: a frilled lizard (70% to hit)
The blast of sand hits the frilled lizard!
You kill the frilled lizard!
You see here a +2 leather armour of cold resistance.
l - a +2 leather armour of cold resistance You pick up a book of Sloth and begin reading...
You add the spells Petrify, Metabolic Englaciation and Statue Form to your library.
There is a stone staircase leading up here.
This spell is extremely dangerous to cast!
Memorise Stone Arrow, consuming 3 spell levels and leaving 1?
You start memorising the spell.
You continue memorising. x3
You finish memorising.
Spell assigned to 'c'.
Magic restored.
Found a stone staircase leading down.
There is a stone staircase leading down here.
You now have 37 gold pieces (gained 13).
Found a scale mail.
You see here a +0 whip.
Unknown command.
Are you sure you want to abandon this character and quit the game? (Confirm with "yes".)

########
##......##########
#.......>........#
#..###..##.###.#.###
#..###..##.# #.....#.##
#.......##.###.<..>....
#...##..##.............
...........@)[.......####
###...#...##.###.....#
#$......##.# #.#.###
........$##.# #.#.#
#[..........# #.#.#
.##.......... ....#
####.#.#... #.###
#.#.##.#


There were no monsters in sight!

Vanquished Creatures
  3 bats (D:1)
  2 endoplasms
  2 giant cockroaches (D:1)
  4 goblins (D:1)
  A hobgoblin (D:1)
  4 jackals (D:1)
  3 kobolds (D:1)
  2 frilled lizards
  3 rats (D:1)
24 creatures vanquished.

Vanquished Creatures (others)
  2 foxfires (D:1)
2 creatures vanquished.

Grand Total: 26 creatures vanquished

Notes
Turn   | Place    | Note
-------+----------+-------------------------------------------
     0 | D:1      | Gorgoleon the Human Wanderer began the quest for the Orb.
     0 | D:1      | Gorgoleon set off with the following items: a +0 dagger, 7
                  | boomerangs, a scroll of butterflies, a +0 robe; and the
                  | following spells available to memorise: Sandblast, Foxfire,
                  | Volatile Blastmotes, Stone Arrow, Flame Wave.
     0 | D:1      | Reached XP level 1. HP: 13/13 MP: 3/3
     2 | D:1      | Learned a level 1 spell: Sandblast
     4 | D:1      | Learned a level 1 spell: Foxfire
   134 | D:1      | Reached XP level 2. HP: 19/19 MP: 1/5
   641 | D:1      | Reached XP level 3. HP: 24/24 MP: 3/6
  1000 | D:2      | Learned a level 3 spell: Stone Arrow
  1034 | D:2      | Quit the game

Illustrated notes

Levels and vault maps discovered:
D:1:      dpeg_arrival_stone_temple_mockup, layout_basic,
          chequers_serial_rivers_micro_c, chequers_avenue, serial_bayou_ford_a
D:2:      layout_loops_ring, chequers_ecumenical_altar_simple_redux

Action                     || total
---------------------------++-------
  Melee: Club              ||    19
         Whip              ||    13
  Throw: Stone             ||     2
   Cast: Sandblast         ||    26
         Foxfire           ||     1
 Armour: Robe              ||    15
  Dodge: Dodged            ||    39
